 Dungeon Crawl Stone Soup version 0.18-b1-22-ge198996 (webtiles) character file.

9925 MTVSty1e the Cleaver (level 11, -18/97 HPs)
             Began as a Minotaur Fighter on May 3, 2016.
             Was a High Priest of Okawaru.
             Demolished by a cyclops (22 damage)
             ... on level 10 of the Dungeon.
             The game lasted 00:34:17 (8930 turns).

MTVSty1e the Cleaver (Minotaur Fighter)             Turns: 8930, Time: 00:34:17

Health: -18/97     AC: 18    Str: 23    XL:     11   Next: 29%
Magic:  13/14      EV:  9    Int:  5    God:    Okawaru [*****.]
Gold:   273        SH: 12    Dex: 15    Spells: 0 memorised, 10 levels left

rFire  . . .     SeeInvis .     H - +2 hand axe (flame)
rCold  . . .     Gourm    .     e - +1 plate armour
rNeg   . . .     Faith    .     c - +0 shield
rPois  .         Spirit   .     (helmet restricted)
rElec  .         Dismiss  .     (no cloak)
rCorr  .         Reflect  .     m - +0 pair of gloves
SustAt .         Harm     .     P - +0 pair of boots
MR     .....                    (no amulet)
Stlth  ..........               (no ring)
                                j - +4 ring of dexterity

@: not resistant to hostile enchantments, extremely unstealthy
A: retaliatory headbutt, horns 2
a: Heroism, Finesse, Renounce Religion


You were on level 10 of the Dungeon.
You worshipped Okawaru.
Okawaru was extremely pleased with you.
You were not hungry.

You visited 2 branches of the dungeon, and saw 11 of its levels.
You also visited: Ossuary.

You collected 465 gold pieces.
You spent 192 gold pieces at shops.

Inventory:

Hand Weapons
 a - a +1 war axe
 p - a +0 hand axe of electrocution
 H - a +2 hand axe of flaming (weapon)
 I - a +0 spear of piercing
 J - a +1 falchion of slicing
 T - a +1 battleaxe
 X - a cursed +2 war axe
Armour
 b - a +0 scale mail
 c - a +0 shield (worn)
 e - a +1 plate armour (worn)
 m - a +0 pair of gloves (worn)
 P - a +0 pair of boots (worn)
Jewellery
 j - a +4 ring of dexterity (left hand)
 q - an uncursed amulet of magic regeneration
 x - an uncursed ring of positive energy
 y - an uncursed amulet of dismissal
Wands
 g - a wand of polymorph (5/24)
 r - a wand of lightning (0/15)
 Q - a wand of lightning (6/15)
 S - a wand of lightning (6/15)
 U - a wand of lightning (2/15)
 W - a wand of flame (27/48)
Scrolls
 n - 2 scrolls of fear
 t - 4 scrolls of remove curse
 v - 2 scrolls of amnesia
 B - 2 scrolls of teleportation
 D - 3 scrolls of magic mapping
 E - a scroll of enchant armour
 L - 2 scrolls of recharging
 N - a scroll of enchant weapon
 O - a scroll of fog
 Y - 5 scrolls of identify
 Z - a scroll of summoning {unknown}
Potions
 d - 2 potions of brilliance
 k - a potion of flight {unknown}
 l - a potion of degeneration {unknown}
 s - 2 potions of lignification
 w - a potion of heal wounds {unknown}
 z - a potion of cancellation {unknown}
 A - 2 potions of curing
 C - a potion of magic {unknown}
 F - a potion of haste {unknown}
 G - 2 potions of agility
Books
 u - a book of the Warp

   Spells                             Type                      Level
   a - Recall                         Summoning/Translocation      3
   b - Gell's Gravitas                Hexes/Translocation          3
   c - Force Lance                    Conjuration/Translocation    4
   d - Warp Weapon                    Charms/Translocation         5
   e - Summon Forest                  Summoning/Translocation      5
 M - a book of Debilitation

   Spells                             Type                      Level
   a - Corona                         Hexes                        1
   b - Slow                           Hexes                        2
   c - Gell's Gravitas                Hexes/Translocation          3
   d - Inner Flame                    Hexes/Fire                   3
   e - Cause Fear                     Hexes                        4
   f - Leda's Liquefaction            Hexes/Earth                  4
Miscellaneous
 K - a plain deck of summoning {drawn: 1}
Comestibles
 f - 3 bread rations
 h - 8 fruits
 i - 3 meat rations
 o - 4 beef jerkies
 R - a slice of pizza
 V - 9 royal jellies


   Skills:
 * Level 9.3 Fighting
 * Level 10.7 Axes
 * Level 10.1 Armour
 * Level 6.8 Dodging
 + Level 9.3 Shields
 - Level 1.0 Invocations
 - Level 5.3 Evocations


You had 10 spell levels left.
You didn't know any spells.

Dungeon Overview and Level Annotations

Branches:
Dungeon (10/15)            Temple (1/1) D:4
   Lair: D:8-11         Orc: D:9-12

Altars:
Ashenzari
Cheibriados
Dithmenos
Elyvilon
Fedhas
Gozag
Kikubaaqudgha
Makhleb
Nemelex Xobeh
Okawaru
Pakellas
Qazlal
Ru
Sif Muna
Trog
Vehumet
Xom
Yredelemnul
Zin
The Shining One

Shops:
D:10 ?


Innate Abilities, Weirdness & Mutations

You reflexively headbutt those who attack you in melee.
You have a pair of horns on your head.


Message History

The cyclops is heavily wounded.
The cyclops completely misses you.
Your plate armour prevents you from hitting the cyclops.
You headbutt the cyclops, but do no damage.
The cyclops is heavily wounded.
You hit the cyclops but do no damage. Your headbutt misses the cyclops.
The cyclops is heavily wounded.
You feel like a meek peon again. The cyclops hits you!
* * * LOW HITPOINT WARNING * * *
You slash the cyclops! You burn the cyclops. Your headbutt misses the cyclops.
The cyclops is severely wounded.
You hit the cyclops but do no damage. You headbutt the cyclops!
The cyclops is almost dead.
You block the cyclops's attack.
You hit the cyclops but do no damage.
You headbutt the cyclops, but do no damage.
The cyclops is severely wounded.
The cyclops hits you!!
You die...

#.#.## #....# #..#.#
#....# .#### #.#.#
..... #...# #.# ####
#.#####...#####.###...
#...C@(.(...........<.
###.#...(........##.##
..$..#...#####..##)##
###.###..(.......#...#
#.#..[..#####.#..... #
#.###.####........ #.
#......#.....[ #
####.#........
#.##.#.....


You could see a cyclops.

Vanquished Creatures
  The ghost of Shenda the Cleaver, a novice HOFi of Okawaru (D:9)
  The ghost of minicreteconcrete the Nimble, a novice DrBe of Trog (D:8)
  The ghost of minicreteconcrete the Nimble, a novice DrBe of Trog (D:7)
  An unseen horror (D:10)
  2 hill giants (D:10)
  Pikel (D:8)
  Joseph (D:7)
  5 yaks (D:9)
  A steam dragon (D:9)
  A wyvern (D:9)
  A hippogriff (D:7)
  Menkaure (D:7)
  2 soldier ants (D:9)
  An orc warrior (D:6)
  An ice beast (D:10)
  8 ogres
  4 slaves (D:8)
  A wasp (D:9)
  3 phantoms
  A necrophage (D:10)
  4 centaurs
  4 giant frogs (D:7)
  2 big kobolds
  2 scorpions
  3 water moccasin zombies (Ossuary)
  A wyvern skeleton (D:5)
  6 killer bees (D:7)
  4 howler monkeys (D:7)
  12 wights
  4 crimson imps
  2 hounds
  A jelly (D:9)
  2 quasits
  2 centaur skeletons
  A giant frog skeleton (D:10)
  8 orc wizards
  4 iguanas
  5 worker ants
  4 big kobold zombies (Ossuary)
  A hound zombie (D:5)
  3 mummies
  3 worker ant zombies
  A gnoll (D:5)
  3 howler monkey skeletons
  11 adders
  A shadow imp (D:6)
  2 adder skeletons
  5 adder zombies
  5 worms
  A dart slug (D:1)
  4 giant geckos
  35 orcs
  4 giant cockroaches
  2 gnoll zombies (Ossuary)
  4 goblins
  10 hobgoblins
  3 jackals
  17 kobolds
  3 quokkas
  A ball python (D:1)
  6 bats
  A giant gecko zombie (D:6)
  A giant newt (D:6)
  8 hobgoblin zombies (Ossuary)
  2 jackal skeletons
  7 kobold zombies (Ossuary)
  2 orc zombies (Ossuary)
  A quokka skeleton (D:6)
  2 quokka zombies (D:8)
  5 rats
263 creatures vanquished.

Vanquished Creatures (collateral kills)
  A centaur skeleton (D:6)
1 creature vanquished.

Vanquished Creatures (others)
  A fire dragon (D:5)
1 creature vanquished.

Grand Total: 265 creatures vanquished

Notes
Turn   | Place    | Note
--------------------------------------------------------------
     0 | D:1      | MTVSty1e the Minotaur Fighter began the quest for the Orb.
     0 | D:1      | Reached XP level 1. HP: 19/19 MP: 0/0
   254 | D:1      | Reached XP level 2. HP: 27/27 MP: 1/1
   698 | D:1      | Reached skill level 1 in Dodging
   812 | D:2      | Reached XP level 3. HP: 33/33 MP: 2/2
  1100 | D:2      | Found an opulent altar of Gozag.
  1651 | D:3      | Reached XP level 4. HP: 36/40 MP: 3/3
  2032 | D:4      | Found a staircase to the Ecumenical Temple.
  2045 | Temple   | Entered the Ecumenical Temple
  2445 | D:4      | Noticed an ogre
  2449 | D:4      | Killed an ogre
  2449 | D:4      | Reached XP level 5. HP: 22/46 MP: 4/4
  2798 | D:4      | Reached skill level 1 in Evocations
  2799 | D:4      | Reached skill level 5 in Armour
  2806 | D:4      | Reached XP level 6. HP: 50/53 MP: 5/5
  3197 | D:4      | Found a bloodstained altar of Trog.
  3349 | D:5      | Entered Level 5 of the Dungeon
  3353 | D:5      | Reached skill level 5 in Shields
  3406 | D:5      | Reached skill level 5 in Axes
  3412 | D:5      | Reached skill level 5 in Fighting
  3412 | D:5      | Reached XP level 7. HP: 30/61 MP: 7/7
  3537 | D:5      | Found an oddly glowing altar of Pakellas.
  3537 | D:5      | Noticed a fire dragon
  3552 | D:5      | Killed a fire dragon
  3565 | D:5      | Found a radiant altar of Vehumet.
  3565 | D:5      | Found an ancient bone altar of Kikubaaqudgha.
  3604 | D:5      | Found a sand-covered staircase.
  3613 | Ossuary  | Entered an ossuary
  3893 | Ossuary  | Reached XP level 8. HP: 67/69 MP: 8/8
  3977 | D:5      | Found a burning altar of Makhleb.
  4184 | D:5      | Found an iron altar of Okawaru.
  4237 | D:5      | Became a worshipper of Warmaster Okawaru
  4393 | D:6      | Found a basalt altar of Yredelemnul.
  4396 | D:6      | Found a snail-covered altar of Cheibriados.
  4398 | D:6      | Found a glowing silver altar of Zin.
  5087 | D:6      | Reached * piety under Okawaru
  5132 | D:6      | Found a sparkling altar of Nemelex Xobeh.
  5511 | D:7      | Reached XP level 9. HP: 74/78 MP: 10/10
  5517 | D:7      | Noticed minicreteconcrete's ghost (novice DrBe)
  5553 | D:7      | Killed minicreteconcrete's ghost
  5553 | D:7      | Reached ** piety under Okawaru
  5994 | D:7      | Reached skill level 5 in Dodging
  6218 | D:7      | Reached *** piety under Okawaru
  6225 | D:7      | Noticed Joseph
  6244 | D:7      | Killed Joseph
  6416 | D:7      | Reached XP level 10. HP: 82/88 MP: 12/12
  6644 | D:7      | Noticed Menkaure
  6652 | D:7      | Killed Menkaure
  6969 | D:8      | Noticed Pikel
  6985 | D:8      | Killed Pikel
  6985 | D:8      | Reached **** piety under Okawaru
  7082 | D:8      | Noticed minicreteconcrete's ghost (novice DrBe)
  7108 | D:8      | Killed minicreteconcrete's ghost
  7465 | D:9      | Noticed Shenda's ghost (novice HOFi)
  7600 | D:9      | Killed Shenda's ghost
  7600 | D:9      | Reached skill level 5 in Evocations
  7716 | D:9      | Reached skill level 1 in Invocations
  7717 | D:9      | Reached skill level 10 in Axes
  7726 | D:9      | Reached ***** piety under Okawaru
  7755 | D:9      | Found a shadowy altar of Dithmenos.
  7925 | D:9      | Reached XP level 11. HP: 25/95 MP: 14/14
  8558 | D:10     | Entered Level 10 of the Dungeon
  8601 | D:10     | Found Umups's Magic Scroll Boutique.
  8607 | D:10     | Bought a scroll of enchant weapon for 82 gold pieces
  8607 | D:10     | Bought a scroll of identify for 22 gold pieces
  8607 | D:10     | Bought a scroll of identify for 22 gold pieces
  8607 | D:10     | Bought a scroll of identify for 22 gold pieces
  8607 | D:10     | Bought a scroll of identify for 22 gold pieces
  8607 | D:10     | Bought a scroll of identify for 22 gold pieces
  8652 | D:10     | Killed an unseen horror
  8709 | D:10     | Noticed a hill giant
  8721 | D:10     | Killed a hill giant
  8724 | D:10     | Reached skill level 10 in Armour
  8880 | D:10     | Noticed a hill giant
  8893 | D:10     | Killed a hill giant
  8927 | D:10     | HP: 3/97 [cyclops (15)]
  8930 | D:10     | Demolished by a cyclops

Skill      XL: |  1  2  3  4  5  6  7  8  9 10 11 |
---------------+----------------------------------+-----
Dodging        | 1 2 3 4 5 6 |  6.8
Shields        | 4 5 6 7 8 9 |  9.3
Armour         | 4 5 6 8 9 10 | 10.1
Axes           | 3 4 5 6 7 9 10 | 10.7
Fighting       | 4 5 6 7 8 9 |  9.3
Evocations     | 1 2 3 4 5 |  5.3
Invocations    | 1 |  1.0

Action                   |  1- 3 |  4- 6 |  7- 9 | 10-12 || total
-------------------------+-------+-------+-------+-------++-------
Melee: War axe           |    78 |       |       |       ||    78
       Headbutt          |    14 |    10 |    89 |   113 ||   226
       Hand axe          |       |    71 |   381 |   411 ||   863
Invok: Heroism           |       |       |     1 |    12 ||    13
Evoke: Deck              |       |       |     1 |       ||     1
       Wand              |       |       |     3 |     3 ||     6
  Use: Scroll            |     6 |     5 |     7 |     5 ||    23
       Potion            |       |     1 |     5 |       ||     6
  Eat: Fruit             |     2 |       |       |       ||     2
       Meat ration       |     1 |       |     2 |     1 ||     4
       Bread ration      |       |     1 |       |     1 ||     2
Armor: Scale mail        |    20 |       |       |       ||    20
       Plate armour      |    13 |    36 |   125 |   151 ||   325
       Skin              |       |       |    14 |       ||    14
Dodge: Dodged            |    20 |     8 |    71 |    85 ||   184
Block: Shield            |    49 |    45 |   177 |   195 ||   466
